 Dungeon Crawl Stone Soup version 0.26.1-11-gd32895ea62 (webtiles) character file.

Game seed: 18437899051614424211

394 Zeld the Chucker (level 6, -6/61 HPs)
             Began as an Octopode Brigand on May 12, 2021.
             Mangled by a gnoll
             ... wielding a +0 halberd
              (7 damage)
             ... on level 4 of the Dungeon.
             The game lasted 00:03:56 (4642 turns).

Zeld the Chucker (Octopode Brigand)                 Turns: 4642, Time: 00:03:56

Health: -6/61      AC:  1    Str: 12    XL:     6   Next: 81%
Magic:  6/6        EV: 13    Int: 14    God:
Gold:   145        SH:  0    Dex: 13    Spells: 5/5 levels left

rFire    . . .     SeeInvis .   a - +2 dagger
rCold    + . .     Faith    .   (no shield)
rNeg     . . .     Spirit   .   (helmet restricted)
rPois    .         Reflect  .   (no amulet)
rElec    .         Harm     .   o - ring of protection from cold
rCorr    .         Rampage  .   (no ring)
Will     .....                  (no ring)
Stlth    ..........             (no ring)
HPRegen  0.20/turn              (no ring)
MPRegen  0.10/turn              (no ring)
                                (no ring)
                                (no ring)

@: berserking, lethally poisoned (-6 -> -22), flying, hasted, very quick
A: almost no armour, stealthy swim, amphibious, 8 rings, constrict 8, camouflage
1, gelatinous body 1
a: no special abilities


You were on level 4 of the Dungeon.
You visited 1 branch of the dungeon, and saw 4 of its levels.

You collected 145 gold pieces.

Inventory:

Hand Weapons
 a - a +2 dagger (weapon)
Missiles
 b - 21 poisoned darts (quivered)
 c - 2 curare-tipped darts
Jewellery
 o - a ring of protection from cold (left tentacle)
Wands
 m - a wand of flame (15)
Scrolls
 e - a scroll of fog {unknown}
 g - 2 scrolls of identify {unknown}
 i - 3 scrolls of remove curse {unknown}
 k - 3 scrolls of teleportation {unknown}
 l - a scroll of fear {unknown}
 n - a scroll of enchant armour {unknown}
Potions
 d - a potion of might {unknown}
 f - a potion of haste
 h - a potion of flight


   Skills:
 - Level 2.4 Fighting
 * Level 3.5 Short Blades
 - Level 6.0 Throwing
 - Level 1.7 Dodging
 - Level 5.3 Stealth


You had 5 spell levels left.
You didn't know any spells.
Your spell library was empty.

Dungeon Overview and Level Annotations

Branches:
Dungeon (4/15)
 Temple: D:4-7

Altars:
Elyvilon

Annotations:
D:4 1 runed translucent door


Innate Abilities, Weirdness & Mutations

You cannot wear most types of armour.
You are very stealthy in the water. (Stealth+)
You are amphibious.
You can wear up to eight rings at the same time.
You can use your tentacles to constrict eight enemies at once.
Your skin changes colour to match your surroundings (Stealth+).
Your rubbery body absorbs attacks. (AC +1, EV +1)


Message History

It was a potion of haste.
You feel yourself speed up.
* * * LOW HITPOINT WARNING * * *
You feel sick. The adder misses you. The adder bites you.
* * * LOW HITPOINT WARNING * * *
You are more poisoned.
The adder poisons you!
Unknown command.
It was a potion of berserk rage.
A red film seems to cover your vision as you go berserk!
You feel yourself moving faster!
You feel mighty!
* * * LOW HITPOINT WARNING * * *
You feel sick. The gnoll barely misses you. The adder misses you.
Unknown command.
You are too berserk!
You puncture the adder!
You kill the adder!
* * * LOW HITPOINT WARNING * * *
You feel sick.
The gnoll hits you from afar with a +0 halberd!
You die...

### ..# #.#
######.#######
#.g..g........
......####g#######
##### #.#
#.########
#.gg†@...#
########.#
###########.# #.#
#........>#.# #.#
#.#######.#.###...
#.# #.#
#.............. #.#
#.# #.###.#.######.
#.# ###.###.#.....#
#.###............##


You could see 2 gnolls.

Vanquished Creatures
  Grinder (D:3)
  2 orc wizards (D:4)
  7 adders
  An ooze (D:4)
  4 worms
  2 dart slugs (D:2)
  2 leopard geckos (D:1)
  2 orcs
  A ball python (D:3)
  2 giant cockroaches
  9 goblins
  4 hobgoblins
  5 jackals
  2 quokkas
  7 bats
  5 frilled lizards
  16 kobolds
  7 rats
  2 bushes (D:1)
81 creatures vanquished.

Vanquished Creatures (others)
  6 plants (D:1)
6 creatures vanquished.

Grand Total: 87 creatures vanquished

Notes
Turn   | Place    | Note
-------+----------+-------------------------------------------
     0 | D:1      | Zeld the Octopode Brigand began the quest for the Orb.
     0 | D:1      | Reached XP level 1. HP: 14/14 MP: 1/1
   229 | D:1      | Reached XP level 2. HP: 19/19 MP: 2/2
   820 | D:1      | Reached skill level 3 in Throwing
  1721 | D:2      | Reached XP level 3. HP: 24/24 MP: 3/3
  2628 | D:2      | Reached skill level 4 in Throwing
  2632 | D:2      | Reached XP level 4. HP: 25/29 MP: 4/4
  3411 | D:3      | Noticed Grinder
  3420 | D:3      | HP: 1/29 [Grinder (4)]
  3427 | D:3      | Paralysed by Grinder for 2 turns
  3431 | D:3      | Killed Grinder
  3432 | D:3      | Reached skill level 6 in Throwing
  3432 | D:3      | Reached XP level 5. HP: 35/35 MP: 5/5
  3432 | D:3      | Reached XP level 6. HP: 41/41 MP: 6/6
  3929 | D:4      | Found a white marble altar of Elyvilon.
  3929 | D:4      | Noticed an angel
  3940 | D:4      | Found a runed translucent door.
  4640 | D:4      | HP: 2/41 [adder (4)]
  4642 | D:4      | Mangled by a gnoll

Illustrated notes

Levels and vault maps discovered:
D:1:      dpeg_arrival_connections, layout_loops_corners,
          lexackson_kobold_supper
D:2:      layout_basic, minmay_bisected
D:3:      layout_basic, kennysheep_generic_room_8, uniq_grinder
D:4:      minmay_chambers_of_threes, layout_loops_ring, lemuel_angel_altar

Skill      XL: |  1  2  3  4  5  6 |
---------------+-------------------+-----
Throwing       | 3 4 6 |  6.0
Short Blades   | 3 |  3.5
Fighting       | |  2.4
Dodging        | |  1.7
Stealth        | |  5.3

Action                   |  1- 3 |  4- 6 || total
-------------------------+-------+-------++-------
Melee: Dagger            |   375 |    87 ||   462
       Tentacles         |   102 |    19 ||   121
       Constrict         |    19 |    25 ||    44
Throw: Dart              |       |     4 ||     4
  Use: Potion            |       |     6 ||     6
 Stab: Sleeping          |    16 |     5 ||    21
       Distracted        |       |     1 ||     1
Armor: Skin              |     7 |     7 ||    14
Dodge: Dodged            |    40 |    60 ||   100
